 Dungeon Crawl Stone Soup version 0.29.1-15-g9cfb28693d (webtiles) character file.

Game seed: 185542182110440677

287 Descartes the Magician (level 6, -7/32 HPs)
             Began as a Deep Elf Earth Elementalist on Mar 31, 2023.
             Mangled by an iguana (13 damage)
             ... on level 4 of the Dungeon.
             The game lasted 00:05:02 (3289 turns).

Descartes the Magician (DEEE)                       Turns: 3289, Time: 00:05:02

Health: -7/32      AC:  3    Str:  7    XL:     6   Next: 8%
Magic:  17/17      EV: 12    Int: 20    God:
Gold:   113        SH:  0    Dex: 15    Spells: 16/17 levels left

rFire   . . .      SeeInvis .   l - +1 dagger (venom)
rCold   . . .      Faith    .   (no shield)
rNeg    . . .      Spirit   .   g - +0 leather armour
rPois   .          Reflect  .   (no helmet)
rElec   .          Harm     .   (no cloak)
rCorr   .          Rampage  .   (no gloves)
Will    .....                   (no boots)
Stlth   ++........              (no amulet)
HPRegen 0.10/turn               (no ring)
MPRegen 0.15/turn               (no ring)

@: no status effects
A: no striking features
a: no special abilities


You were on level 4 of the Dungeon.
You visited 1 branch of the dungeon, and saw 4 of its levels.

You collected 113 gold pieces.

Inventory:

Hand Weapons
 f - a +0 dagger
 l - a +1 dagger of venom (weapon)
Missiles
 t - 3 poisoned darts
Armour
 a - a +0 robe
 g - a +0 leather armour (worn)
Jewellery
 n - a +4 ring of protection
 p - a ring of resist corrosion
Scrolls
 e - 2 scrolls of immolation {unknown}
 h - 7 scrolls of identify {unknown}
 j - 2 scrolls of teleportation {unknown}
 m - a scroll of amnesia {unknown}
 q - a scroll of enchant weapon {unknown}
 r - a scroll of vulnerability {unknown}
 s - a scroll of noise {unknown}
Potions
 b - 2 potions of magic
 c - 2 potions of curing {unknown}
 d - a potion of might {unknown}
 i - a potion of attraction {unknown}
 k - a potion of heal wounds {unknown}
 o - a potion of brilliance {unknown}
 u - a potion of degeneration {unknown}
 v - a potion of invisibility {unknown}


   Skills:
 - Level 2.4 Dodging
 - Level 2.4 Stealth
 + Level 6.4 Spellcasting
 - Level 1.1 Transmutations
 + Level 5.8 Earth Magic


You had 16 spell levels left.
You knew the following spells:

 Your Spells              Type           Power      Damage    Failure   Level
a - Sandblast             Erth           58%        2d13      1%          1

Your spell library contained the following spells:

 Spells                   Type           Power      Damage    Failure   Level
 Passwall                 Tmut/Erth      16%        N/A       5%          2
 Stone Arrow              Conj/Erth      36%        3d9       14%         3
 Foxfire                  Conj/Fire      24%        2x1d5     16%         1
 Petrify                  Tmut/Erth      20%        N/A       36%         4
 Conjure Flame            Conj/Fire      6%         6-21      41%         3
 Inner Flame              Hex/Fire       6%         N/A       41%         3
 Flame Wave               Conj/Fire      6%         2d5       83%         4


Dungeon Overview and Level Annotations

Branches:
Dungeon (4/15)             Temple (0/1) D:4

Altars:

Shops:
D:3 [


Message History

Unknown command.
You miss the orc wizard. The orc wizard completely misses you.
The orc wizard attacks as you move away!
The orc wizard hits you but does no damage.
An orc wizard comes into view. It is wielding a +0 dagger.
The orc wizard shouts!
The orc wizard attacks as you move away!
The orc wizard misses you.
Found a staircase to the Ecumenical Temple.
You feel less confused.
The orc wizard attacks as you move away!
The orc wizard hits you but does no damage.
The orc wizard attacks as you move away!
The orc wizard closely misses you.
The orc wizard gestures at you while chanting.
The puff of flame hits you.
The iguana hisses menacingly.
The orc wizard casts a spell at you. The puff of flame hits you!
Casting: Sandblast (safe; 1% risk of failure)
Confirm with . or Enter, or press ? or * to list all spells.
Aiming: Sandblast (safe; 1% risk of failure)
Press: ? - help, Shift-Dir - straight line, f - iguana
Aim: an iguana (85% to hit)
The blast of sand hits the iguana!
The iguana is heavily wounded.
The orc wizard gestures at you while chanting.
The magic dart hits you.
The orc wizard mumbles some strange words.
The orc wizard flickers and vanishes!
Deactivating autopickup; reactivate with Ctrl-A.
The iguana barely misses you. The iguana attacks as you move away!
The iguana closely misses you.
Unknown command.
The iguana misses you. The iguana attacks as you move away!
The iguana barely misses you. The iguana attacks as you move away!
The iguana bites you.
* * * LOW HITPOINT WARNING * * *
The iguana attacks as you move away! The iguana bites you!
You die...

#......# #.. ###......# #..
#........#
#####..######.#......#
#................#'###
........#####.##.#.#
........# #.#<.#.###
........#####.#..#...#
........o..l@.#..###.#######
........########## #.......#
.#......####...... #######.#
[....................
......>.#
..#.#.######.......#
####.#..#
....#...)...o......# #.#..#
......###.......#### #....#
..#....)........+ #.##.#
#.###.###o).....# #.##.#


You could see an orc warrior and an iguana.

Vanquished Creatures
  A vampire bat (D:3)
  An orc priest (D:3)
  An orc wizard (D:3)
  3 adders
  2 worms
  2 dart slugs (D:2)
  3 fire bats (D:3)
  11 orcs
  2 spectral bats (D:3)
  3 bat skeletons (D:3)
  A bat zombie (D:3)
  An endoplasm (D:3)
  2 giant cockroaches (D:2)
  6 goblins
  8 hobgoblins
  3 jackals (D:1)
  4 quokkas (D:1)
  2 ball pythons
  12 bats
  A bat simulacrum (D:3)
  2 frilled lizards
  6 kobolds
  3 rats
80 creatures vanquished.

Notes
Turn   | Place    | Note
-------+----------+-------------------------------------------
     0 | D:1      | Descartes the Deep Elf Earth Elementalist began the quest
                  | for the Orb.
     0 | D:1      | Reached XP level 1. HP: 10/10 MP: 6/6
   186 | D:1      | Reached XP level 2. HP: 15/15 MP: 4/8
  1132 | D:2      | Reached skill level 4 in Spellcasting
  1132 | D:2      | Reached XP level 3. HP: 16/19 MP: 5/10
  1186 | D:2      | Found a faded altar of an unknown god.
  2204 | D:3      | Reached XP level 4. HP: 24/24 MP: 8/12
  2358 | D:3      | Found Jiotafo's Antique Armour Boutique.
  2451 | D:3      | Reached skill level 5 in Spellcasting
  2453 | D:3      | Reached skill level 5 in Earth Magic
  2453 | D:3      | Reached XP level 5. HP: 24/28 MP: 5/15
  2653 | D:3      | Reached skill level 6 in Spellcasting
  2965 | D:3      | Reached XP level 6. HP: 32/32 MP: 12/17
  3261 | D:4      | Noticed an orc warrior
  3267 | D:4      | Found a staircase to the Ecumenical Temple.
  3289 | D:4      | Mangled by an iguana

Illustrated notes

Levels and vault maps discovered:
D:1:      psy_arrival_radial01, layout_basic, kennysheep_decorative_pillar
D:2:      layout_loops_corners, ebering_ecumenical_altar_sacrificial
D:3:      layout_basic, serial_shops, shop, goddamned_bats
D:4:      layout_basic, minitemple, temple_statues

Skill      XL: |  1  2  3  4  5 |
---------------+----------------+-----
Spellcasting   | 4 5 6 |  6.4
Earth Magic    | 4 5 |  5.8
Dodging        | |  2.4
Stealth        | |  2.4
Transmutations | |  1.1

Action                   |  1- 3 |  4- 6 || total
-------------------------+-------+-------++-------
Melee: Dagger            |       |     2 ||     2
 Cast: Sandblast         |    56 |    56 ||   112
Armor: Leather armour    |     1 |    16 ||    17
Dodge: Dodged            |     4 |    33 ||    37
